 Dungeon Crawl Stone Soup version 0.24-a0-507-g3e8b242632 (webtiles) character file.

Game seed: 16929564634773728486

35089 KristoblXynda the Carver (level 13, -5/105 HPs)
             Began as a Green Draconian Berserker on July 18, 2019.
             Was a High Priest of Trog.
             Slain by an entropy weaver (15 damage)
             ... on level 5 of the Lair of Beasts.
             The game lasted 00:35:41 (17432 turns).

KristoblXynda the Carver (DrBe)                    Turns: 17432, Time: 00:35:42

Health: -5/105     AC:  0    Str: 21    XL:     13   Next: 45%
Magic:  20/20      EV: 17    Int: 12    God:    Trog [*****.]
Gold:   1072       SH:  0    Dex: 10    Spells: 12/12 levels left

rFire    . . .     SeeInvis .   v - +5 scimitar (flame)
rCold    . . .     Gourm    .   (no shield)
rNeg     . . .     Faith    .   (armour unavailable)
rPois    +         Spirit   .   G - +2 hat {MR+}
rElec    .         Reflect  .   d - +0 cloak {rPois}
rCorr    .         Harm     .   D - +0 pair of gloves
MR       +....                  (no boots)
Stlth    +++.......             i - amulet of regeneration
HPRegen  0.67/turn              j - ring of stealth
MPRegen  0.17/turn              r - +4 ring of slaying

@: short of breath, corroded
A: breathe noxious fumes, unfitting armour, poison resistance, cold-blooded, AC
+8
a: Breathe Noxious Fumes, Berserk, Trog's Hand, Brothers in Arms, Renounce
Religion


You were on level 5 of the Lair of Beasts.
You worshipped Trog.
Trog was extremely pleased with you.
You were not hungry.

You visited 4 branches of the dungeon, and saw 20 of its levels.

You collected 1210 gold pieces.
You spent 138 gold pieces at shops.

Inventory:

Hand Weapons
 c - a +3 demon blade of freezing
 v - a +5 scimitar of flaming (weapon)
Missiles
 y - 2 throwing nets (quivered)
 J - 8 silver javelins
Armour
 d - a +0 cloak of poison resistance (worn)
 D - a +0 pair of gloves (worn)
 F - a scarf of cloud immunity
 G - a +2 hat of magic resistance (worn)
Jewellery
 a - an uncursed ring of positive energy
 i - an amulet of regeneration (around neck)
 j - a ring of stealth (left hand)
 q - an uncursed ring of protection from magic
 r - a +4 ring of slaying (right hand)
 N - an uncursed ring of protection from fire
Wands
 n - a wand of acid (26)
 u - a wand of paralysis (2)
 A - a wand of digging (14)
 B - a wand of iceblast (22)
Scrolls
 e - 4 scrolls of identify
 f - 7 scrolls of teleportation
 h - 6 scrolls of remove curse
 x - 5 scrolls of fear
 C - a scroll of magic mapping
 M - a scroll of blinking
 R - a scroll of immolation
Potions
 g - a potion of magic
 k - a potion of haste
 l - a potion of invisibility
 m - 2 potions of ambrosia
 o - a potion of mutation
 p - 4 potions of brilliance
 s - 6 potions of agility
 t - 5 potions of heal wounds
 w - a potion of cancellation
 z - 4 potions of lignification
 E - a potion of might
 H - 3 potions of curing
 I - 2 potions of resistance
Comestibles
 b - 12 rations


   Skills:
 + Level 7.2 Fighting
 + Level 12.2 Long Blades
 - Level 10.0 Throwing
 + Level 11.1 Dodging
 + Level 4.0 Stealth
 - Level 10.0 Evocations


You had 12 spell levels left.
You didn't know any spells.
Your spell library contained the following spells:

 Spells                   Type           Power        Failure   Level  Hunger
 Corona                   Hex            #......      32%         1    ##.....
 Sandblast                Erth           #.....       32%         1    ##.....
 Ensorcelled Hibernation  Hex/Ice        #.....       45%         2    ###....
 Passwall                 Tmut/Erth      #.......     45%         2    ###....
 Confuse                  Hex            #.......     69%         3    ####...
 Dazzling Spray           Conj/Hex       #.....       69%         3    ####...
 Stone Arrow              Conj/Erth      #.....       69%         3    ####...
 Tukima's Dance           Hex            #.......     69%         3    ####...
 Petrify                  Tmut/Erth      #.......     97%         4    #####..
 Lee's Rapid Deconstruct  Erth           #.........   100%        5    ######.


Dungeon Overview and Level Annotations

Branches:
Dungeon (13/15)            Temple (1/1) D:5            Lair (5/6) D:11
 Shoals (0/4) Lair:3       Spider (0/4) Lair:4          Orc (1/2) D:12
  Slime: Lair:5-6    Vaults: D:13-14

Altars:
Ashenzari
Cheibriados
Dithmenos
Elyvilon
Fedhas
Gozag
Hepliaklqana
Kikubaaqudgha
Makhleb
Nemelex Xobeh
Okawaru
Qazlal
Ru
Sif Muna
Trog
Uskayaw
Vehumet
Wu Jian
Xom
Yredelemnul
Zin
The Shining One

Shops:
D:6 =   D:7 (**%(   D:8 }((

Annotations:
D:4 1 runed translucent door, adept's ghost, novice GrFi


Innate Abilities, Weirdness & Mutations

You can breathe blasts of noxious fumes.
Your lurid green scales are hard. (AC +8)
You cannot fit into any form of body armour.
Your system is resistant to poisons. (rPois)
You are cold-blooded and may be slowed by cold attacks.


Message History

You hit the entropy weaver. You burn the entropy weaver.
Your tail-slap misses the entropy weaver.
The entropy weaver is moderately wounded.
The entropy weaver gestures wildly while chanting.
The entropic weave corrodes you!
Unknown command.
You hit the entropy weaver but do no damage.
The entropy weaver is moderately wounded.
You slash the entropy weaver! You burn the entropy weaver.
You tail-slap the entropy weaver, but do no damage.
The entropy weaver is heavily wounded.
The entropy weaver hits you! x3
* * * LOW HITPOINT WARNING * * *
The entropy weaver hits you!
* * * LOW HITPOINT WARNING * * *
As you read the scroll of fear, it crumbles to dust.
You assume a fearsome visage.
The entropy weaver resists with some effort.
The entropy weaver closely misses you. The entropy weaver hits you!
You die...

.#..........# #
............#.#
#...P........#.###
... #.....).......
....##..%.†.††.#
.........P†#.(##.#
..........#.#†##
....).....#....#
.##.........#..@##
...............a##.
.<..........#....#
..............###
#............#
#............##.###
##...†..............
#..<.........#...#.#
##..#†#..........#


You could see an entropy weaver.

Vanquished Creatures
  Gastronok (D:8)
  2 hydras
  Harold (D:10)
  Erolcha (D:11)
  Erica (D:10)
  A catoblepas (Lair:5)
  3 death yaks (Lair:3)
  A two-headed ogre (D:9)
  An unseen horror (D:11)
  An unseen horror (shapeshifter) (D:10)
  An orc knight (D:12)
  3 black mambas
  Psyche (D:10)
  11 spiny frogs
  Maurice (D:10)
  A kobold demonologist (D:12)
  3 centaur skeletons
  3 komodo dragons (Lair:2)
  A queen bee (D:10)
  4 trolls
  Grinder (D:4)
  5 hippogriffs
  A hornet (D:7)
  A snapping turtle (Lair:3)
  4 blink frogs (Lair:4)
  2 redbacks (Lair:4)
  2 shadows
  5 wyverns
  15 yaks
  4 basilisks
  2 hungry ghosts
  Menkaure (D:6)
  7 water moccasins
  8 soldier ants (Lair:5)
  5 porcupines
  3 ice beasts
  3 sky beasts
  4 black bears
  A phantom (D:9)
  12 orc warriors
  6 ogres
  11 centaurs
  4 wolves (Lair:1)
  12 crocodiles
  A big kobold (D:12)
  16 bullfrogs
  A water moccasin zombie (D:11)
  6 scorpions
  12 wights
  24 killer bees
  6 electric eels (D:10)
  A howler monkey (D:8)
  5 crimson imps
  3 quasits
  A bullfrog zombie (D:6)
  8 hounds
  Crazy Yiuf (D:2)
  2 bullfrog skeletons
  8 orc priests
  2 iguanas
  11 orc wizards
  13 worker ants
  A hound zombie (D:7)
  A hound skeleton (D:9)
  A howler monkey zombie (D:11)
  2 worker ant zombies
  18 adders
  3 shadow imps
  3 oozes
  An adder zombie (D:9)
  An adder skeleton (D:6)
  2 worms (D:5)
  3 dart slugs
  3 leopard geckos
  58 orcs
  7 bats
  3 giant cockroaches
  9 goblins
  5 hobgoblins
  8 jackals
  2 quokkas
  A ball python (D:1)
  5 frilled lizards
  23 kobolds
  2 leopard gecko skeletons
  A quokka skeleton (D:8)
  8 rats
453 creatures vanquished.

Vanquished Creatures (others)
  25 fungi (D:11)
  12 plants (D:11)
37 creatures vanquished.

Grand Total: 490 creatures vanquished

Notes
Turn   | Place    | Note
-------+----------+-------------------------------------------
     0 | D:1      | KristoblXynda the Draconian Berserker began the quest for
                  | the Orb.
     0 | D:1      | Reached XP level 1. HP: 19/19 MP: 1/1
    20 | D:1      | Reached XP level 2. HP: 20/26 MP: 2/2
   244 | D:1      | Reached skill level 1 in Throwing
   320 | D:1      | Reached XP level 3. HP: 30/31 MP: 3/3
   337 | D:1      | Reached ** piety under Trog
   733 | D:2      | Reached skill level 4 in Long Blades
   748 | D:2      | Reached XP level 4. HP: 32/38 MP: 4/4
  1419 | D:2      | Found a runed translucent door.
  1420 | D:2      | Noticed Crazy Yiuf
  1503 | D:2      | Killed Crazy Yiuf
  1684 | D:3      | Reached XP level 5. HP: 34/45 MP: 5/5
  1809 | D:3      | Found a glowing golden altar of the Shining One.
  2103 | D:3      | Found a shimmering altar of Xom.
  2144 | D:3      | Reached *** piety under Trog
  2175 | D:3      | Reached skill level 1 in Evocations
  2969 | D:4      | Noticed Grinder
  2980 | D:4      | Killed Grinder
  2980 | D:4      | Reached skill level 5 in Long Blades
  2980 | D:4      | Reached XP level 6. HP: 51/51 MP: 5/7
  3023 | D:4      | Noticed adept's ghost (novice GrFi)
  3071 | D:4      | Found a runed translucent door.
  3306 | D:4      | Your scales start taking on a lurid green colour.
  3306 | D:4      | Reached XP level 7. HP: 57/57 MP: 8/8
  3306 | D:4      | Gained mutation: Your system is resistant to poisons.
                  | (rPois) [Green Draconian growth]
  3483 | D:4      | Found a shadowy altar of Dithmenos.
  3538 | D:5      | Entered Level 5 of the Dungeon
  3906 | D:5      | Found a hide-covered altar of Uskayaw.
  4293 | D:5      | Found a staircase to the Ecumenical Temple.
  4314 | Temple   | Entered the Ecumenical Temple
  5302 | D:6      | Reached skill level 6 in Long Blades
  5382 | D:6      | Reached skill level 5 in Dodging
  5382 | D:6      | Reached XP level 8. HP: 59/63 MP: 10/10
  5388 | D:6      | Found Teattok's Jewellery Emporium.
  5396 | D:6      | Bought a cursed -4 ring of evasion for 30 gold pieces
  5510 | D:6      | Noticed Menkaure
  5532 | D:6      | Killed Menkaure
  5978 | D:7      | Noticed a hornet
  5986 | D:7      | Reached **** piety under Trog
  6001 | D:7      | Killed a hornet
  6217 | D:7      | Found Sast's Assorted Antiques.
  6232 | D:7      | Reached skill level 5 in Throwing
  6236 | D:7      | Reached skill level 5 in Evocations
  6289 | D:7      | Noticed a hippogriff
  6299 | D:7      | Killed a hippogriff
  6299 | D:7      | Reached skill level 7 in Long Blades
  6299 | D:7      | Reached XP level 9. HP: 70/70 MP: 12/12
  6333 | D:7      | Found Zugaseips's Food Shop.
  6361 | D:7      | Found Edghiwyudd's Antique Weapon Shop.
  6749 | D:7      | Found Dairotem's General Store.
  6913 | D:7      | Found Xerus's Weapon Shoppe.
  7046 | D:8      | HP: 1/70 [wight/+3 morningstar (5)]
  7144 | D:8      | Found a deep blue altar of Sif Muna.
  7167 | D:8      | Found Xompu's Gadget Boutique.
  7209 | D:8      | Found Qurap's Antique Weapon Shop.
  7234 | D:8      | Bought a scimitar for 108 gold pieces
  7270 | D:8      | Reached ***** piety under Trog
  7347 | D:8      | Reached skill level 8 in Long Blades
  7401 | D:8      | Noticed Gastronok
  7430 | D:8      | Killed Gastronok
  7430 | D:8      | Reached XP level 10. HP: 47/77 MP: 13/15
  7877 | D:8      | Identified a scroll of acquirement
  8027 | D:8      | Found Ovolev's Weapon Shoppe.
  8100 | D:8      | Found a burning altar of Makhleb.
  8100 | D:8      | Found an opulent altar of Gozag.
  8152 | D:9      | Noticed a two-headed ogre
  8158 | D:9      | Killed a two-headed ogre
  8158 | D:9      | Reached skill level 9 in Long Blades
  8631 | D:9      | Received a gift from Trog
  9008 | D:10     | Entered Level 10 of the Dungeon
  9398 | D:10     | Noticed Erica
  9411 | D:10     | Killed Erica
  9411 | D:10     | Reached XP level 11. HP: 62/82 MP: 17/17
  9529 | D:10     | Received a gift from Trog
  9632 | D:10     | Noticed Psyche
  9641 | D:10     | Killed Psyche
  9689 | D:10     | Noticed Harold
  9706 | D:10     | Killed Harold
 10176 | D:10     | Noticed Maurice
 10186 | D:10     | Killed Maurice
 10234 | D:10     | Reached skill level 10 in Long Blades
 10436 | D:10     | Killed an unseen horror
 10702 | D:11     | Noticed a four-headed hydra
 10712 | D:11     | Killed a one-headed hydra
 11035 | D:11     | Killed an unseen horror
 11484 | D:11     | Noticed Erolcha
 11506 | D:11     | Killed Erolcha
 11506 | D:11     | Reached XP level 12. HP: 19/89 MP: 19/19
 11517 | D:11     | Found a staircase to the Lair.
 12172 | D:12     | Received a gift from Trog
 12737 | D:12     | Reached skill level 10 in Evocations
 12969 | D:12     | Found a staircase to the Orcish Mines.
 12987 | D:12     | Reached ****** piety under Trog
 12993 | D:12     | Reached skill level 11 in Long Blades
 13045 | D:12     | Found a bloodstained altar of Trog.
 13233 | Orc:1    | Entered Level 1 of the Orcish Mines
 13369 | Lair:1   | Entered Level 1 of the Lair of Beasts
 13382 | Lair:1   | Reached skill level 10 in Dodging
 13727 | Lair:1   | Received a gift from Trog
 14497 | Lair:2   | Reached skill level 5 in Fighting
 14619 | Lair:2   | Reached skill level 10 in Throwing
 15185 | Lair:2   | Reached skill level 1 in Stealth
 15372 | Lair:3   | Noticed a death yak
 15373 | Lair:3   | Noticed a death yak
 15400 | Lair:3   | Noticed a death yak
 15410 | Lair:3   | Killed a death yak
 15416 | Lair:3   | Killed a death yak
 15416 | Lair:3   | Reached XP level 13. HP: 49/102 MP: 20/20
 16079 | Lair:3   | Found a staircase to the Shoals.
 16508 | Lair:4   | Reached skill level 12 in Long Blades
 16576 | Lair:4   | Found a hole to the Spider Nest.
 17341 | Lair:5   | Received a gift from Trog
 17418 | Lair:5   | Noticed an entropy weaver
 17432 | Lair:5   | Slain by an entropy weaver

Levels and vault maps discovered:
D:1:      ebering_hopf_link, layout_rooms, minmay_tetromino_t4
D:2:      layout_rooms, uniq_crazy_yiuf_cottage
D:3:      layout_basic, old_standard_altar, chequers_arboretum, tgw_xom
D:4:      layout_loops_ring, kennysheep_mini, hellmonk_ghost_happy_afterlife,
          uniq_grinder
D:5:      layout_basic, nicolae_overflow_hidden_temple,
          minmay_temple_entry_statues_pillars, first_ration, serial_park_tiny_2
D:6:      layout_gridville, serial_shops,
          nicolae_shop_competitors_out_of_business, uniq_menkaure
D:7:      layout_basic, serial_shops, shop, shop,
          nicolae_shop_overgrown_old_shop, kennysheep_little_box, shop_fountains
D:8:      layout_rooms, lemuel_blue_sif_altar,
          gammafunk_temple_overflow_elements, serial_shops, shop, shop, shop,
          uniq_gastronok
D:9:      layout_loops_ring
D:10:     minmay_chambers_of_sixes, layout_basic, david_nohive_1,
          minmay_misc_feat_rows, uniq_erica, uniq_maurice, uniq_harold,
          uniq_psyche
D:11:     layout_rooms, grunt_lair_entry_orc_guard_hut, uniq_erolcha
D:12:     layout_basic, david_orc_2, basic_altar, special_room
          [special_room_orc]
D:13:     layout_rooms, serial_shops, shop
Temple:   regret_index_temple_sphere_string
Lair:1:   layout_chaotic_city
Lair:2:   layout_cave_shapes, grunt_megastairs_3
Lair:3:   layout_regular_city, minmay_shoals_entry_hut
Lair:4:   layout_gridlike, spider_nest_entry_webs
Lair:5:   layout_cave_pods, minivault_29, infiniplex_staircase_pool_2,
          grunt_megastairs_4
Orc:1:    layout_caves, ebering_ghost_gozag, nicolae_orc_lost_temple

Skill      XL: |  1  2  3  4  5  6  7  8  9 10 11 12 13 |
---------------+----------------------------------------+-----
Dodging        | 3 4 5 6 7 8 9 10 11 | 11.1
Throwing       | 1 2 3 4 5 6 7 9 10 | 10.0
Long Blades    | 4 5 6 7 8 9 10 11 12 | 12.2
Evocations     | 2 3 5 7 8 9 10 | 10.0
Fighting       | 5 7 |  7.2
Stealth        | 1 4 |  4.0

Action                   |  1- 3 |  4- 6 |  7- 9 | 10-12 | 13-15 || total
-------------------------+-------+-------+-------+-------+-------++-------
Melee: Falchion          |    67 |   130 |   372 |       |       ||   569
       Tailslap          |    11 |    19 |    73 |   104 |    43 ||   250
       Scimitar          |       |       |    74 |   690 |   195 ||   959
       Long sword        |       |       |    70 |       |       ||    70
Invok: Berserk           |     1 |     3 |     4 |     1 |       ||     9
       Trog's Hand       |       |       |       |     2 |     1 ||     3
 Abil: Breathe Noxious F |       |       |     5 |    30 |     6 ||    41
Evoke: Wand              |       |     1 |       |    13 |     1 ||    15
  Use: Scroll            |     4 |     2 |     7 |    24 |     2 ||    39
       Potion            |       |       |     2 |       |       ||     2
 Stab: Sleeping          |       |     2 |       |       |     5 ||     7
       Confused          |       |       |     1 |    17 |     4 ||    22
       Paralysed         |       |       |       |     1 |       ||     1
  Eat: Chunk             |       |    10 |    13 |    21 |       ||    44
       Ration            |       |       |     2 |     5 |     3 ||    10
Armor: Skin              |    19 |    35 |   161 |   177 |    35 ||   427
Dodge: Dodged            |    64 |    85 |   363 |   542 |   113 ||  1167
       Rpst.: Falchion   |    24 |    26 |    59 |       |       ||   109
       Long sword        |       |       |    18 |       |       ||    18
       Scimitar          |       |       |    10 |   157 |    35 ||   202

Table legend:
 A = Non-vault XP
 B = Vault XP
 C = Vault XP percentage of total XP
 D = Non-vault monster count
 E = Vault monster count
 F = Vault count percentage of total count
                 A         B        C        D         E       F
            +---------+---------+-------+---------+---------+-------
      Total |   35938 |   14190 |  28.3 |     358 |      95 |  21.0
            +---------+---------+-------+---------+---------+-------
        D:1 |      47 |       4 |   7.8 |      27 |       3 |  10.0
        D:2 |      94 |      41 |  30.4 |      17 |       1 |   5.6
        D:3 |     128 |       9 |   6.6 |      19 |       3 |  13.6
        D:4 |     168 |     281 |  62.6 |       4 |       1 |  20.0
        D:5 |     565 |       0 |   0.0 |      21 |       0 |   0.0
        D:6 |     459 |     172 |  27.3 |      20 |       1 |   4.8
        D:7 |    1501 |       0 |   0.0 |      28 |       0 |   0.0
        D:8 |    1886 |    2219 |  54.1 |      31 |       1 |   3.1
        D:9 |    2283 |       0 |   0.0 |      26 |       0 |   0.0
       D:10 |    1172 |    5315 |  81.9 |      16 |      25 |  61.0
       D:11 |    5238 |    1426 |  21.4 |      36 |       6 |  14.3
       D:12 |    2500 |    1953 |  43.9 |      33 |      34 |  50.7
       D:13 |      41 |       0 |   0.0 |       1 |       0 |   0.0
     Lair:1 |    4241 |       0 |   0.0 |      26 |       0 |   0.0
     Lair:2 |    4174 |     632 |  13.2 |      16 |       3 |  15.8
     Lair:3 |    5170 |     256 |   4.7 |      16 |       1 |   5.9
     Lair:4 |    4791 |     458 |   8.7 |      18 |       2 |  10.0
     Lair:5 |    1480 |    1424 |  49.0 |       3 |      14 |  82.4
            +---------+---------+-------+---------+---------+-------
